BR (22 & UNDER)
OTTAWA FAT CATS @ LONG BEACH KO
09/21/2030
 
TOP OF THE 1ST
Ottawa Fat Cats batting - Pitching for Long Beach KO : LHP Carlos León
Pitching: LHP Carlos León
Batting: RHB Ken Ward 0-0: Swinging Strike
0-1: Ball
1-1: Foul Ball, location: 2F
1-2: Strikes out looking
Batting: RHB Walt Owens 0-0: Called Strike
0-1: Called Strike
0-2: Ball
1-2: Ball
2-2: Strikes out swinging
Batting: RHB Jorge Rolón 0-0: Ball
1-0: Ball
2-0: Foul Ball, location: 2F
2-1: Foul Ball, location: 2F
2-2: Strikes out looking
Top of the 1st over - 0 runs, 0 hits, 0 errors, 0 left on base; Ottawa 0 - Long Beach 0
BOTTOM OF THE 1ST
Long Beach KO batting - Pitching for Ottawa Fat Cats : LHP Danny Campbell
Pitching: LHP Danny Campbell
Batting: RHB Gabriel Sánchez 0-0: Ball
1-0: Foul Ball, location: 2F
1-1: Ball
2-1: Foul Ball, location: 2F
2-2: Ball
3-2: Foul Ball, location: 2F
3-2: Foul Ball, location: 2F
3-2: Foul Ball, location: 2F
3-2: Base on Balls
Batting: RHB Rodrigo Flores 0-0: Ball
1-0: Called Strike
1-1: Called Strike
1-2: DOUBLE (Line Drive, 7LS)
Gabriel Sánchez to third
Batting: RHB Ralph Petit 0-0: Fly out, F9 (Line Drive, 9LM)
Runner from 3rd tags up, SCORES, no throw
Batting: RHB Cristián Romano 0-0: Swinging Strike
0-1: Called Strike
0-2: Ball
1-2: Ball
2-2: Strikes out swinging
Batting: LHB Michael Keller 0-0: Called Strike
0-1: Swinging Strike
0-2: Ball
1-2: Ball
2-2: Foul Ball, location: 2F
2-2: Foul Ball, location: 2F
2-2: Ball
3-2: Strikes out looking
Bottom of the 1st over - 1 run, 1 hit, 0 errors, 1 left on base; Ottawa 0 - Long Beach 1
TOP OF THE 2ND
Ottawa Fat Cats batting - Pitching for Long Beach KO : LHP Carlos León
Batting: RHB Cipriano Pérez 0-0: Ball
1-0: Called Strike
1-1: Called Strike
1-2: Strikes out swinging
Batting: LHB Alfredo Cantú 0-0: Foul Ball, location: 2F
0-1: Ball
1-1: Ball
2-1: Ball
3-1: Foul Ball, location: 2F
3-2: Strikes out swinging
Batting: RHB Ramón Méndez 0-0: Fly out, F7 (Flyball, 78M)
Top of the 2nd over - 0 runs, 0 hits, 0 errors, 0 left on base; Ottawa 0 - Long Beach 1
BOTTOM OF THE 2ND
Long Beach KO batting - Pitching for Ottawa Fat Cats : LHP Danny Campbell
Batting: RHB Alec Bowers 0-0: Foul Ball, location: 2F
0-1: SINGLE (Flyball, 9S)
Batting: RHB Eduardo Collazo 0-0: Ball
1-0: Foul Ball, location: 2F
1-1: Fly out, F3 (Popup, 34S)
Batting: RHB Gianmaria Pianta 0-0: Ball
1-0: Ball
2-0: Ball
3-0: Called Strike
3-1: Called Strike
3-2: Fly out, F7 (Flyball, 78D)
Batting: SHB Juan Pérez 0-0: SINGLE (Line Drive, 6M)
Alec Bowers to second
Runner from 2nd tries for 3rd, SAFE, no throw
Batting: RHB Gabriel Sánchez 0-0: Ball
1-0: Ground out 6-3 (Groundball, 6D)
Bottom of the 2nd over - 0 runs, 2 hits, 0 errors, 2 left on base; Ottawa 0 - Long Beach 1
TOP OF THE 3RD
Ottawa Fat Cats batting - Pitching for Long Beach KO : LHP Carlos León
Batting: RHB Mike McCray 0-0: Foul Ball, location: 2F
0-1: SINGLE (Line Drive, 4D)
Batting: LHB Erik Moore 0-0: Swinging Strike
0-1: Fly out, F7 (Flyball, 78D)
Batting: RHB Dave Roberts 0-0: Swinging Strike
0-1: Called Strike
0-2: Foul Ball, location: 2F
0-2: Strikes out swinging
Batting: RHB Ken Ward 0-0: Ball
1-0: Fly out, F9 (Line Drive, 9)
Top of the 3rd over - 0 runs, 1 hit, 0 errors, 1 left on base; Ottawa 0 - Long Beach 1
BOTTOM OF THE 3RD
Long Beach KO batting - Pitching for Ottawa Fat Cats : LHP Danny Campbell
Batting: RHB Rodrigo Flores 0-0: Swinging Strike
0-1: Ball
1-1: Foul Ball, location: 2F
1-2: Strikes out looking
Batting: RHB Ralph Petit 0-0: Ground out 1-3 (Groundball, 13S)
Batting: RHB Cristián Romano 0-0: Called Strike
0-1: Hit by Pitch
Batting: LHB Michael Keller 0-0: Ball
1-0: SINGLE (Line Drive, 4M)
Cristián Romano to second
Batting: RHB Alec Bowers 0-0: Swinging Strike
0-1: Fielders Choice at 2nd, 6-4 (Groundball, 6)
Bottom of the 3rd over - 0 runs, 1 hit, 0 errors, 2 left on base; Ottawa 0 - Long Beach 1
TOP OF THE 4TH
Ottawa Fat Cats batting - Pitching for Long Beach KO : LHP Carlos León
Batting: RHB Walt Owens 0-0: Ground out 6-3 (Groundball, 6)
Batting: RHB Jorge Rolón 0-0: Called Strike
0-1: Ground out 6-3 (Groundball, 6)
Batting: RHB Cipriano Pérez 0-0: Ball
1-0: Called Strike
1-1: Fly out, F7 (Flyball, 78XD)
Top of the 4th over - 0 runs, 0 hits, 0 errors, 0 left on base; Ottawa 0 - Long Beach 1
BOTTOM OF THE 4TH
Long Beach KO batting - Pitching for Ottawa Fat Cats : LHP Danny Campbell
Batting: RHB Eduardo Collazo 0-0: Called Strike
0-1: Foul Ball, location: 2F
0-2: Ground out 6-3 (Groundball, 6)
Batting: RHB Gianmaria Pianta 0-0: Ball
1-0: Ball
2-0: Ball
3-0: Called Strike
3-1: Ground out 6-3 (Groundball, 6)
Batting: SHB Juan Pérez 0-0: Called Strike
0-1: Called Strike
0-2: Ball
1-2: Ground out 6-3 (Groundball, 6)
Bottom of the 4th over - 0 runs, 0 hits, 0 errors, 0 left on base; Ottawa 0 - Long Beach 1
TOP OF THE 5TH
Ottawa Fat Cats batting - Pitching for Long Beach KO : LHP Carlos León
Batting: LHB Alfredo Cantú 0-0: Ball
1-0: Called Strike
1-1: Swinging Strike
1-2: Foul Ball, location: 2F
1-2: Strikes out swinging
Batting: RHB Ramón Méndez 0-0: Swinging Strike
0-1: Ground out 6-3 (Groundball, 6)
Batting: RHB Mike McCray 0-0: Called Strike
0-1: Ball
1-1: Ball
2-1: Foul Ball, location: 2F
2-2: Ground out 3-1 (Groundball, 34)
Top of the 5th over - 0 runs, 0 hits, 0 errors, 0 left on base; Ottawa 0 - Long Beach 1
BOTTOM OF THE 5TH
Long Beach KO batting - Pitching for Ottawa Fat Cats : LHP Danny Campbell
Batting: RHB Gabriel Sánchez 0-0: Ball
1-0: Foul Ball, location: 2F
1-1: Ball
2-1: Ground out 6-3 (Groundball, 6)
Batting: RHB Rodrigo Flores 0-0: Ball
1-0: Called Strike
1-1: Foul Ball, location: 2F
1-2: SINGLE (Groundball, 15S) (infield hit)
Batting: RHB Ralph Petit 0-0: Ball
Rodrigo Flores steals 2nd base
1-0: Called Strike
1-1: Ball
2-1: Ground out 5-3 (Groundball, 56)
Batting: RHB Cristián Romano 0-0: Called Strike
0-1: Swinging Strike
0-2: Foul Ball, location: 2F
0-2: Strikes out swinging
Bottom of the 5th over - 0 runs, 1 hit, 0 errors, 1 left on base; Ottawa 0 - Long Beach 1
TOP OF THE 6TH
Ottawa Fat Cats batting - Pitching for Long Beach KO : LHP Carlos León
Batting: LHB Erik Moore 0-0: Ball
1-0: Ground out 4-3 (Groundball, 4D)
Batting: RHB Dave Roberts 0-0: SINGLE (Flyball, 8LS)
Batting: RHB Ken Ward 0-0: Ball
1-0: Ball
2-0: Ball
3-0: Called Strike
3-1: Single, Error in OF, E7, batter to second base
Dave Roberts to third
Batting: RHB Walt Owens 0-0: Foul Ball, location: 2F
0-1: Fly out, F8 (Flyball, 8RD)
Runner from 3rd tags up, SCORES, throw made
Batting: RHB Jorge Rolón 0-0: Called Strike
0-1: Ball
1-1: Fly out, F8 (Flyball, 8RM)
Top of the 6th over - 1 run, 2 hits, 1 error, 1 left on base; Ottawa 1 - Long Beach 1
BOTTOM OF THE 6TH
Long Beach KO batting - Pitching for Ottawa Fat Cats : LHP Danny Campbell
Batting: LHB Michael Keller 0-0: Ball
1-0: Ball
2-0: Called Strike
2-1: Foul Ball, location: 2F
2-2: Ground out 4-3 (Groundball, 4)
Batting: RHB Alec Bowers 0-0: Ball
1-0: Ball
2-0: Called Strike
2-1: Foul Ball, location: 2F
2-2: Strikes out swinging
Batting: RHB Eduardo Collazo 0-0: Ground out 6-3 (Groundball, 6)
Bottom of the 6th over - 0 runs, 0 hits, 0 errors, 0 left on base; Ottawa 1 - Long Beach 1
TOP OF THE 7TH
Ottawa Fat Cats batting - Pitching for Long Beach KO : LHP Carlos León
Batting: RHB Cipriano Pérez 0-0: Foul Ball, location: 2F
0-1: Foul Ball, location: 2F
0-2: Strikes out swinging
Batting: LHB Alfredo Cantú 0-0: Swinging Strike
0-1: Swinging Strike
0-2: Strikes out looking
Batting: RHB Ramón Méndez 0-0: Ball
1-0: SINGLE (Groundball, 56) (infield hit)
Pinch Hitting: RHB Ángel Vallés 0-0: Ball
1-0: Called Strike
1-1: Reached on error, E5 (Groundball, 56S)
Ramón Méndez to third
Pinch Hitting: RHB Carlino Marinis 0-0: Ball
1-0: Ball
2-0: Foul Ball, location: 2F
2-1: Ball
3-1: Fly out, F8 (Flyball, 8RD)
Top of the 7th over - 0 runs, 1 hit, 1 error, 2 left on base; Ottawa 1 - Long Beach 1
BOTTOM OF THE 7TH
Long Beach KO batting - Pitching for Ottawa Fat Cats : LHP Danny Campbell
Now at 2B: Ángel Vallés
Now in RF: Millard Mays
Batting: RHB Gianmaria Pianta 0-0: Fly out, F9 (Flyball, 89M)
Batting: SHB Juan Pérez 0-0: Called Strike
0-1: Ball
1-1: Ball
2-1: Fly out, F9 (Line Drive, 9D)
Batting: RHB Gabriel Sánchez 0-0: Ball
1-0: Ball
2-0: Fly out, F4 (Popup, 4M)
Bottom of the 7th over - 0 runs, 0 hits, 0 errors, 0 left on base; Ottawa 1 - Long Beach 1
TOP OF THE 8TH
Ottawa Fat Cats batting - Pitching for Long Beach KO : LHP Carlos León
Batting: RHB Dave Roberts 0-0: Called Strike
0-1: Foul Ball, location: 2F
0-2: Ball
1-2: Ball
2-2: Foul Ball, location: 2F
2-2: Ball
3-2: Foul Ball, location: 2F
3-2: Base on Balls
Pinch Hitting: RHB Larry Olson 0-0: Foul Ball, location: 2F
0-1: Ball
1-1: Swinging Strike
1-2: Foul Ball, location: 2F
1-2: Ball
2-2: SINGLE (Line Drive, 6M)
Dave Roberts to second
Pitching: LHP Rodrigo Freitas
Batting: RHB Walt Owens 0-0: Swinging Strike
0-1: Foul Ball, location: 2F
0-2: Strikes out swinging
Batting: RHB Jorge Rolón 0-0: Called Strike
0-1: Swinging Strike
0-2: Ball
1-2: Ground out 4-3 (Groundball, 6M)
Dave Roberts to third
Larry Olson to second
Batting: RHB Cipriano Pérez 0-0: Ball
1-0: Foul Ball, location: 2F
1-1: Fly out, F7 (Flyball, 7S)
Top of the 8th over - 0 runs, 1 hit, 0 errors, 2 left on base; Ottawa 1 - Long Beach 1
BOTTOM OF THE 8TH
Long Beach KO batting - Pitching for Ottawa Fat Cats : LHP Danny Campbell
Pitching: RHP Raúl Mendoza
Now in CF: Larry Olson
Batting: RHB Rodrigo Flores 0-0: Foul Ball, location: 2F
0-1: Foul Ball, location: 2F
0-2: SOLO HOME RUN (Flyball, 7D), Distance : 405 ft
Batting: RHB Ralph Petit 0-0: Called Strike
0-1: Ball
1-1: Ball
2-1: Foul Ball, location: 2F
2-2: Strikes out swinging
Batting: RHB Cristián Romano 0-0: SINGLE (Line Drive, 3)
Pitching: LHP Danilo Gauci
Batting: LHB Michael Keller 0-0: Swinging Strike
0-1: Fly out, F6 (Line Drive, 6)
Pitching: RHP Maximiano Pra
Batting: RHB Alec Bowers 0-0: Ball
1-0: Ball
2-0: SINGLE (Line Drive, 34D)
Cristián Romano to second
Batting: RHB Eduardo Collazo 0-0: Called Strike
0-1: Foul Ball, location: 2F
0-2: Strikes out looking
Bottom of the 8th over - 1 run, 3 hits, 0 errors, 2 left on base; Ottawa 1 - Long Beach 2
TOP OF THE 9TH
Ottawa Fat Cats batting - Pitching for Long Beach KO : LHP Rodrigo Freitas
Pitching: LHP Chiah-jen Chen
Now at 1B: Kent Matthews
Batting: LHB Alfredo Cantú 0-0: Ball
1-0: Called Strike
1-1: Foul Ball, location: 2F
1-2: SOLO HOME RUN (Flyball, 89XD), Distance : 388 ft
Batting: RHB Ramón Méndez 0-0: Ball
1-0: Ball
2-0: Foul Ball, location: 2F
2-1: Ground out 4-3 (Groundball, 4)
Batting: RHB Ángel Vallés 0-0: SINGLE (Groundball, 56D)
Batting: LHB Millard Mays 0-0: Foul Ball, location: 2F
0-1: Ball
1-1: Ball
2-1: Swinging Strike
2-2: Fly out, F7 (Flyball, 78D)
Batting: RHB Dave Roberts 0-0: Ball
1-0: Ball
2-0: Foul Ball, location: 2F
2-1: SINGLE (Groundball, 56D)
Ángel Vallés to second
Batting: RHB Larry Olson 0-0: Called Strike
0-1: Fielders Choice at 2nd, 6-4 (Groundball, 6)
Top of the 9th over - 1 run, 3 hits, 0 errors, 2 left on base; Ottawa 2 - Long Beach 2
BOTTOM OF THE 9TH
Long Beach KO batting - Pitching for Ottawa Fat Cats : RHP Maximiano Pra
Pinch Hitting: LHB Mei-shio Hsieh 0-0: Ball
1-0: Swinging Strike
1-1: Swinging Strike
1-2: Foul Ball, location: 2F
1-2: Ball
2-2: Foul Ball, location: 2F
2-2: Ground out 5-3 (Groundball, 5S)
Batting: SHB Juan Pérez 0-0: Single, Error in OF, E9, batter to second base
Batting: RHB Gabriel Sánchez 0-0: Ground out 5-3 (Groundball, 5)
Batting: RHB Rodrigo Flores 0-0: Called Strike
0-1: SINGLE (Groundball, 56D)
Juan Pérez to third
Runner from 3rd tries for Home, SAFE, no throw
Saturday, April 7th, 2018 - OOTP Baseball 18.8 Build 76